 Dungeon Crawl Stone Soup version 0.27-a0-808-g60bc5d92e6 (console) character file.

Game seed: 1409127133502938311

1724 jejorda2 the Spear-Bearer (level 9, -2/103 HPs)
             Began as a Merfolk Berserker on Mar 28, 2021.
             Was a Priest of Trog.
             Shot with a sling bullet by Joseph (5 damage)
             ... on level 7 of the Dungeon.
             The game lasted 00:13:31 (6744 turns).

jejorda2 the Spear-Bearer (Merfolk Berserker)       Turns: 6744, Time: 00:13:33

Health: -2/103     AC: 14    Str: 20    XL:     9   Next: 4%
Magic:  9/9        EV:  8    Int:  6    God:    Trog [***...]
Gold:   29         SH:  0    Dex: 14    Spells: 8/8 levels left

rFire    . . .     SeeInvis +   a - +0 halberd (vorpal)
rCold    + . .     Faith    .   (shield currently unavailable)
rNeg     . . .     Spirit   .   s - +3 chain mail {rC+}
rPois    .         Reflect  .   (no helmet)
rElec    .         Harm     .   r - +0 cloak
rCorr    .         Rampage  .   (no gloves)
Will     +....                  (no boots)
Stlth    ..........             (no amulet)
HPRegen  0.27/turn              o - ring of willpower
MPRegen  0.11/turn              g - ring of see invisible

@: berserking (expiring), lethally poisoned (-2 -> -15), very quick
A: (nimble swimmer 2), mertail
a: Renounce Religion, Berserk, Trog's Hand


You were on level 7 of the Dungeon.
You worshipped Trog.
Trog was most pleased with you.
You visited 1 branch of the dungeon, and saw 7 of its levels.
You also visited: Sewer.

You collected 268 gold pieces.
You spent 239 gold pieces at shops.

Inventory:

Hand Weapons
 a - a +0 vorpal halberd (weapon)
 b - a +1 trident
Missiles
 d - 20 poisoned darts
 i - a curare-tipped dart
Armour
 r - a +0 cloak (worn)
 s - a +3 chain mail of cold resistance (worn)
Jewellery
 g - a ring of see invisible (right hand)
 o - a ring of willpower (left hand)
Wands
 q - a wand of flame (8)
 y - a wand of iceblast (3)
Scrolls
 e - 2 scrolls of fear
 k - 2 scrolls of fog
 l - 5 scrolls of teleportation
Potions
 c - 7 potions of curing
 f - 2 potions of haste
 j - a potion of berserk rage
 m - a potion of ambrosia
 n - a potion of mutation {unknown}
 p - 3 potions of heal wounds
 t - 5 potions of might
 u - 2 potions of degeneration {unknown}
 v - 2 potions of lignification {unknown}
 x - a potion of attraction {unknown}


   Skills:
 - Level 6.0 Fighting
 * Level 11.0 Polearms
 * Level 5.7 Armour
 - Level 2.6 Dodging


You had 8 spell levels left.
You didn't know any spells.
Your spell library was empty.

Dungeon Overview and Level Annotations

Branches:
Dungeon (7/15)             Temple (0/1) D:4           Sewer (visited)

Altars:
Fedhas
Uskayaw
Vehumet
Zin

Shops:
D:2 *

Annotations:
D:6 2 transporters
D:7 Joseph


Innate Abilities, Weirdness & Mutations

((You are quick and stealthy near water. (Stealth+, EV+, Speed+++)))
Your lower body shifts to a powerful aquatic tail in water.


Message History

You slash the killer bee!
The killer bee is almost dead.
You feel sick. The killer bee stings you.
* * * LOW HITPOINT WARNING * * *
You are more poisoned.
The killer bee poisons you! The killer bee barely misses you.
The killer bee stings you.
* * * LOW HITPOINT WARNING * * *
You are more poisoned.
The killer bee poisons you!
You slash the killer bee!
You kill the killer bee!
Trog accepts your kill.
* * * LOW HITPOINT WARNING * * *
You feel very sick.
Joseph says, "A dead adventurer is a good adventurer."
Joseph unwields a +0 quarterstaff.
Joseph wields a +1 vorpal hunting sling.
Joseph shoots a sling bullet.
The sling bullet hits you!
* * * LOW HITPOINT WARNING * * *
x2 The killer bee stings you but does no damage.
You closely miss the killer bee.
The killer bee is almost dead.
* * * LOW HITPOINT WARNING * * *
You feel sick.
The killer bee stings you but does no damage.
You are too berserk!
You barely miss the killer bee.
The killer bee is almost dead.
* * * LOW HITPOINT WARNING * * *
You feel very sick. The killer bee barely misses you.
Joseph shoots a sling bullet.
The sling bullet completely misses you.
You miss the killer bee.
The killer bee is almost dead.
* * * LOW HITPOINT WARNING * * *
You feel sick. The killer bee barely misses you.
Joseph says, "I've waited for this moment for such a long time."
Joseph shoots a sling bullet.
The sling bullet hits you.
You die...

##..................
#.......##..........
#.......##..........
#.......###.<.......
##.....## ##.....#.#
##.....# #...####
###...# #...# #...#
#...# #.†@# #....#
#.y.# #..^.# #..@#
#....# #..$# #....#
#...# ####.. #..?#
....# ......


You could see Joseph and a killer bee.

Vanquished Creatures
  Prince Ribbit (D:6)
  Eustachio (D:4)
  A black bear (D:5)
  An ice beast (D:5)
  A necrophage (D:5)
  A phantom (D:3)
  2 kobold brigands (Sewer)
  A water moccasin zombie (D:6)
  A wyvern skeleton (D:7)
  2 scorpions
  3 killer bees (D:7)
  A hound (D:5)
  A bullfrog zombie (D:6)
  A centaur zombie (D:6)
  A jelly (D:7)
  2 centaur skeletons (D:6)
  Crazy Yiuf (D:5)
  Ijyb (D:3)
  2 iguanas
  An orc wizard (D:3)
  A howler monkey skeleton (D:6)
  3 gnolls (D:5)
  6 adders
  4 river rats (Sewer)
  2 ufetubi
  5 worms
  A dart slug (D:4)
  10 orcs
  8 ball pythons
  6 endoplasms
  A giant cockroach (D:4)
  11 goblins
  9 hobgoblins
  7 jackals
  A quokka (D:2)
  6 bats
  2 frilled lizards (D:1)
  16 kobolds
  9 rats
134 creatures vanquished.

Notes
Turn   | Place    | Note
-------+----------+-------------------------------------------
     0 | D:1      | jejorda2 the Merfolk Berserker began the quest for the Orb.
     0 | D:1      | Reached XP level 1. HP: 18/18 MP: 1/1
   286 | D:1      | Reached XP level 2. HP: 22/24 MP: 2/2
   766 | D:1      | Reached skill level 5 in Polearms
  1001 | D:2      | Reached ** piety under Trog
  1002 | D:2      | Reached XP level 3. HP: 29/29 MP: 3/3
  1230 | D:2      | Found a radiant altar of Vehumet.
  1606 | D:2      | Found Cowe's Assorted Antiques.
  1616 | D:2      | Bought a trident for 63 gold pieces
  1840 | D:3      | Reached XP level 4. HP: 28/37 MP: 4/4
  1953 | D:3      | Noticed Ijyb
  1971 | D:3      | Killed Ijyb
  2159 | D:3      | Reached skill level 6 in Polearms
  2159 | D:3      | Reached XP level 5. HP: 42/42 MP: 5/5
  2360 | D:3      | Noticed a phantom
  2374 | D:3      | Killed a phantom
  2703 | D:3      | Found a blossoming altar of Fedhas.
  3070 | D:4      | Found a staircase to the Ecumenical Temple.
  3220 | D:4      | Reached skill level 7 in Polearms
  3220 | D:4      | Reached XP level 6. HP: 49/49 MP: 6/6
  3279 | D:4      | Noticed Eustachio
  3308 | D:4      | Killed Eustachio
  3639 | D:4      | Found a glowing silver altar of Zin.
  3957 | D:5      | Entered Level 5 of the Dungeon
  4006 | D:5      | Reached XP level 7. HP: 55/55 MP: 7/7
  4027 | D:5      | Reached *** piety under Trog
  4068 | D:5      | Reached skill level 8 in Polearms
  4144 | D:5      | Reached skill level 5 in Fighting
  4202 | D:5      | Found a glowing drain.
  4245 | Sewer    | Entered a sewer
  4657 | Sewer    | Reached skill level 9 in Polearms
  4657 | Sewer    | Reached XP level 8. HP: 63/63 MP: 8/8
  4795 | D:5      | Found a runed translucent door.
  4796 | D:5      | Noticed Crazy Yiuf
  4802 | D:5      | Killed Crazy Yiuf
  5465 | D:6      | Noticed Prince Ribbit
  5474 | D:6      | Killed Prince Ribbit
  5475 | D:6      | Reached skill level 5 in Armour
  5581 | D:6      | Found a transporter.
  5583 | D:6      | Found a transporter.
  5616 | D:6      | Reached skill level 10 in Polearms
  5718 | D:6      | Noticed a troll
  5728 | D:6      | Noticed a skeletal warrior
  5729 | D:6      | Found a hide-covered altar of Uskayaw.
  5735 | D:6      | Identified the +3 whip "Onuatuc" {drain, rF+ rN+ MP-9}
  6329 | D:6      | Identified the +2 hat of the Guilds {Harm rN+}
  6494 | D:2      | Bought a brown potion for 16 gold pieces
  6494 | D:2      | Bought a forked wooden wand for 72 gold pieces
  6494 | D:2      | Bought a scroll of identify for 36 gold pieces
  6494 | D:2      | Bought a scroll labelled MOITAYVUSH for 18 gold pieces
  6494 | D:2      | Bought a scroll labelled NILAET WOUTZ for 18 gold pieces
  6494 | D:2      | Bought a black potion for 16 gold pieces
  6722 | D:7      | Noticed Joseph
  6733 | D:7      | Reached skill level 11 in Polearms
  6733 | D:7      | Reached XP level 9. HP: 46/69 MP: 9/9
  6743 | D:7      | HP: 5/103 [poisoned by a killer bee]
  6744 | D:7      | Shot with a sling bullet by Joseph

Illustrated notes

Levels and vault maps discovered:
D:1:      mrwooster_arrival_statue, layout_basic
D:2:      layout_rooms, nicolae_vehumet_radiance, serial_shops,
          nicolae_shop_statue_plus
D:3:      layout_loops_cross, fedhas_altar_4, uniq_ijyb
D:4:      layout_loops_corners, marbit_many_paths,
          minmay_temple_entry_drinking_statues, uniq_eustachio
D:5:      layout_loops_corners, cheibrodos_sewer_entry_drain,
          uniq_crazy_yiuf_cottage
D:6:      layout_basic, gammafunk_temple_overflow_arena, uniq_prince_ribbit1
D:7:      layout_rooms, kennysheep_mini, grunt_decor_mini_mirrors,
          lemuel_flamethrower_2, uniq_joseph

Skill      XL: |  1  2  3  4  5  6  7  8 |
---------------+-------------------------+-----
Polearms       | 5 6 7 9 11 | 11.0
Armour         | 2 3 4 5 |  5.7
Fighting       | 4 5 6 |  6.0
Dodging        | |  2.6

Action                   |  1- 3 |  4- 6 |  7- 9 || total
-------------------------+-------+-------+-------++-------
Melee: Spear             |   155 |       |       ||   155
       Trident           |    14 |   138 |   155 ||   307
       Tailslap          |       |       |     4 ||     4
       Halberd           |       |       |   104 ||   104
Invok: Berserk           |       |     3 |     1 ||     4
       Trog's Hand       |       |     1 |       ||     1
  Use: Scroll            |       |    10 |     6 ||    16
Armor: Leather armour    |     7 |       |       ||     7
       Scale mail        |    28 |     9 |       ||    37
       Chain mail        |       |    43 |   112 ||   155
Dodge: Dodged            |    59 |    38 |    98 ||   195

Table legend: (Time is in decaauts)
 A = Elapsed time spent in this place.
 B = Non-inter-level travel time spent in this place.
 C = Inter-level travel time spent in this place.
 D = Time resting spent in this place.
 E = Time spent auto-exploring this place.
 F = Levels seen in this place.
 G = Mean time per level.
                   A        B        C        D        E       F      G
               +--------+--------+--------+--------+--------+-----+--------+
         Total |   6663 |   6149 |    514 |     61 |   4826 |   8 |  832.9 |
       Dungeon |   6277 |   5763 |    514 |     61 |   4577 |   7 |  896.7 |
         Sewer |    385 |    385 |      0 |      0 |    249 |   1 |  385.0 |
               +--------+--------+--------+--------+--------+-----+--------+

Top non-repeatable levels by time:
     D:3: 1192 daAuts
     D:5: 1148 daAuts
     D:4: 1071 daAuts
     D:1: 1003 daAuts
     D:6: 965 daAuts
     D:2: 850 daAuts
   Sewer: 385 daAuts
     D:7: 46 daAuts
